 Dungeon Crawl Stone Soup version 0.20-a0-386-g2d247ea (webtiles) character file.

210 Kidiri the Magician (level 5, 0/28 HPs)
             Began as a Deep Elf Fire Elementalist on Dec 29, 2016.
             Slain by nht's ghost (18 damage)
             ... on level 3 of the Dungeon.
             The game lasted 00:10:23 (3001 turns).

Kidiri the Magician (Deep Elf Fire Elementalist)    Turns: 3001, Time: 00:10:24

Health: 0/28       AC:  4    Str:  5    XL:     5   Next: 56%
Magic:  11/15      EV: 13    Int: 21    God:
Gold:   132        SH:  0    Dex: 15    Spells: 3/16 levels left

rFire  . . .     SeeInvis .     v - +5 short sword (holy)
rCold  . . .     Gourm    .     a - +0 robe
rNeg   . . .     Faith    .     (no shield)
rPois  .         Spirit   .     y - +0 helmet
rElec  .         Reflect  .     t - +0 cloak
rCorr  .         Harm     .     (no gloves)
MR     .....                    (no boots)
Stlth  ++........               (no amulet)
                                (no ring)
                                (no ring)

@: no status effects
A: no striking features
a: no special abilities


You were on level 3 of the Dungeon.
You were not hungry.

You visited 1 branch of the dungeon, and saw 3 of its levels.

You collected 132 gold pieces.

Inventory:

Hand Weapons
 f - a +0 short sword
 v - a +5 short sword of holy wrath (weapon)
 w - a +0 dagger
Armour
 a - a +0 robe (worn)
 t - a +0 cloak (worn)
 y - a +0 helmet (worn)
Jewellery
 d - an uncursed ring of teleportation
Scrolls
 g - a scroll of teleportation {unknown}
 h - a scroll of blinking
 i - a scroll of remove curse
 m - a scroll of amnesia
 x - a scroll of enchant armour {unknown}
 z - a scroll of identify
Potions
 e - 3 potions of berserk rage
 k - 2 potions of curing
 l - a potion of agility
 o - a potion of cancellation
 p - a potion of might
 s - 3 potions of invisibility
Books
 b - a book of Flames

   Spells                             Type                      Level
   a - Flame Tongue                   Conjuration/Fire             1
   b - Throw Flame                    Conjuration/Fire             2
   c - Conjure Flame                  Conjuration/Fire             3
   d - Inner Flame                    Hexes/Fire                   3
   e - Sticky Flame                   Conjuration/Fire             4
   f - Fireball                       Conjuration/Fire             5
Comestibles
 c - 2 bread rations
 j - 2 slices of pizza
 n - a meat ration
 q - 3 fruits
 r - 2 beef jerkies
 u - 2 chunks of flesh


   Skills:
 - Level 2.4 Dodging
 - Level 2.4 Stealth
 * Level 6.2 Spellcasting
 + Level 2.5 Conjurations
 + Level 4.5 Fire Magic


You had 3 spell levels left.
You knew the following spells:

 Your Spells              Type           Power        Failure   Level  Hunger
a - Flame Tongue          Conj/Fire      ###..        1%          1    None
b - Throw Flame           Conj/Fire      ###...       3%          2    None
c - Conjure Flame         Conj/Fire      ###.....     10%         3    #......
d - Inner Flame           Hex/Fire       ###.....     14%         3    #......
e - Sticky Flame          Conj/Fire      ###.....     24%         4    ###....


Dungeon Overview and Level Annotations

Branches:
Dungeon (3/15)

Altars:
Kikubaaqudgha
Xom

Annotations:
D:3 nht's ghost, novice CeHu


Message History

Unknown command.
Casting: Throw Flame
Confirm with . or Enter, or press ? or * to list all spells.
Aiming: Flame Tongue
Press: ? - help, Shift-Dir - straight line, f/p - nht's ghost
Aim: nht's ghost, wielding a weapon of electrocution (lightly damaged)
The flame tongue hits nht's ghost.
Nht's ghost resists.
Nht's ghost is lightly damaged.
Nht's ghost hits you.
Casting: Flame Tongue
Confirm with . or Enter, or press ? or * to list all spells.
Aiming: Flame Tongue
Press: ? - help, Shift-Dir - straight line, f/p - nht's ghost
Aim: nht's ghost, wielding a weapon of electrocution (lightly damaged)
The flame tongue hits nht's ghost.
Nht's ghost resists.
Nht's ghost is lightly damaged.
Nht's ghost hits you but does no damage.
You are electrocuted!
Ouch! That really hurt!
You die...

#.....#.#.......#
#.....#.#.......#
#.....#.(....####
.#..../#..##....####..
....<.................
..........##.....##...
.....####W.......# .
.....######......##..
####....@W............
#...####...##.....>
#.. #...# ...... #.
+...+ ...... # #...#
###... #...# ...
...### .. ..... #.....


You could see nht's ghost.

Vanquished Creatures
  An orc priest (D:3)
  Terence (D:3)
  Robin (D:3)
  An adder (D:3)
  4 gnolls (D:2)
  2 worms (D:2)
  3 dart slugs
  4 leopard geckos
  3 orcs (D:3)
  A giant cockroach (D:3)
  12 goblins
  11 hobgoblins
  3 jackals (D:3)
  7 kobolds
  A quokka (D:3)
  A ball python (D:2)
  11 bats
  4 frilled lizards
  9 rats
80 creatures vanquished.

Notes
Turn   | Place    | Note
-------+----------+-------------------------------------------
     0 | D:1      | Kidiri the Deep Elf Fire Elementalist began the quest for the Orb.
     0 | D:1      | Reached XP level 1. HP: 10/10 MP: 6/6
    93 | D:1      | Reached XP level 2. HP: 15/15 MP: 0/8
   110 | D:1      | Learned a level 2 spell: Throw Flame
   564 | D:1      | Reached skill level 4 in Spellcasting
   751 | D:1      | Reached XP level 3. HP: 19/19 MP: 7/10
   756 | D:1      | Learned a level 3 spell: Conjure Flame
   760 | D:1      | Learned a level 3 spell: Inner Flame
  1051 | D:2      | Found an ancient bone altar of Kikubaaqudgha.
  1265 | D:2      | Found a shimmering altar of Xom.
  1507 | D:2      | Reached skill level 5 in Spellcasting
  1507 | D:2      | Reached XP level 4. HP: 24/24 MP: 0/13
  1630 | D:2      | Learned a level 4 spell: Sticky Flame
  1867 | D:3      | Noticed Terence
  1919 | D:3      | Killed Terence
  2113 | D:3      | Noticed Robin
  2170 | D:3      | Reached XP level 5. HP: 10/28 MP: 0/15
  2464 | D:3      | Killed Robin
  2900 | D:3      | Reached skill level 6 in Spellcasting
  2911 | D:3      | Noticed nht's ghost (novice CeHu)
  3001 | D:3      | Slain by nht's ghost

Vault maps used:
D:1:      lightli_molten_gateway
D:2:      marbit_many_paths, lemuel_crystal_altar
D:3:      chequers_ecumenical_altar_twisty, first_bread, tgw_xom, uniq_terence,
          uniq_robin

Skill      XL: |  1  2  3  4  5 |
---------------+----------------+-----
Spellcasting   | 4 5 6 |  6.2
Fire Magic     | 4 |  4.5
Conjurations   | 2 |  2.5
Dodging        | |  2.4
Stealth        | |  2.4

Action                   |  1- 3 |  4- 6 || total
-------------------------+-------+-------++-------
Melee: Unarmed           |     3 |       ||     3
       Short sword       |    15 |    48 ||    63
 Cast: Flame Tongue      |    65 |    41 ||   106
       Throw Flame       |     4 |    10 ||    14
       Conjure Flame     |     1 |     5 ||     6
       Sticky Flame      |       |     5 ||     5
  Use: Scroll            |       |    11 ||    11
 Stab: Sleeping          |     2 |     1 ||     3
  Eat: Chunk             |     2 |     6 ||     8
Armor: Robe              |    11 |    12 ||    23
Dodge: Dodged            |    47 |    52 ||    99
